 Dungeon Crawl Stone Soup version 0.30-a0-557-ge2afbf3030 (webtiles) character file.

Game seed: 6538296598058286744

5252 cforsyth the Thaumaturge (level 10, 0/77 HPs)
             Began as a Red Draconian Transmuter on Dec 27, 2022.
             Was a Believer of Qazlal.
             Slain by Joseph
             ... wielding a +0 quarterstaff
              (11 damage)
             ... on level 8 of the Dungeon on Dec 28, 2022.
             The game lasted 00:25:48 (12144 turns).

cforsyth the Thaumaturge (DrTm)                    Turns: 12144, Time: 00:25:48

Health: 0/77       AC:  8    Str: 13    XL:     10   Next: 36%
Magic:  21/22      EV: 15    Int: 18    God:    Qazlal [**....]
Gold:   444        SH:  3    Dex: 11    Spells: 25/26 levels left

rFire   + . .      SeeInvis .      - Unarmed
rCold   . . .      Faith    .    (no shield)
rNeg    . . .      Spirit   .    (body armour unavailable)
rPois   .          Reflect  .    (helmet currently unavailable)
rElec   .          Harm     .    (no cloak)
rCorr   .          Rampage  .    u - +0 pair of gloves
Will    +....                    (boots currently unavailable)
Stlth   +                        (no amulet)
HPRegen 0.32/turn                a - ring of willpower
MPRegen 0.18/turn                (no ring)

@: short of breath, appendages
A: horns 2, talons 2, breathe fire, AC +7, unfitting armour, fire resistance 1,
cold-blooded
a: Breathe Fire, End Transformation, Renounce Religion, Upheaval


You were on level 8 of the Dungeon.
You worshipped Qazlal.
Qazlal was pleased with you.
You had temporarily grown beastly horns and talons.
You visited 2 branches of the dungeon, and saw 9 of its levels.
You also visited: Sewer.

You collected 444 gold pieces.

Inventory:

Armour
 j - a +0 pair of boots (melded)
 u - a +0 pair of gloves (worn)
Jewellery
 a - a ring of willpower (left hand)
Wands
 d - a wand of charming (15)
 m - a wand of roots (5)
 t - a wand of flame (17)
 x - a wand of mindburst (10)
 A - a wand of acid (9)
Scrolls
 b - a scroll of torment
 c - 2 scrolls of magic mapping {unknown}
 h - 2 scrolls of enchant armour
 i - a scroll of enchant weapon
 k - 5 scrolls of vulnerability
 l - 2 scrolls of brand weapon
 n - 2 scrolls of silence {unknown}
 o - 4 scrolls of teleportation
 r - a scroll of amnesia {unknown}
 s - a scroll of noise {unknown}
 w - a scroll of blinking {unknown}
 y - a scroll of identify
 B - 2 scrolls of fear {unknown}
Potions
 e - 2 potions of resistance
 f - 5 potions of flight
 g - 3 potions of curing
 q - a potion of attraction
 v - a potion of haste
 z - a potion of mutation {unknown}


   Skills:
 - Level 3.2 Fighting
 + Level 8.5 Dodging
 - Level 4.2 Unarmed Combat
 + Level 8.5 Spellcasting
 + Level 1.6 Summonings
 - Level 3.5 Transmutations
 - Level 8.0 Fire Magic


You had 25 spell levels left.
You knew the following spells:

 Your Spells              Type           Power      Damage    Failure   Level
a - Beastly Appendage     Tmut           40%        N/A       2%          1

Your spell library contained the following spells:

 Spells                   Type           Power      Damage    Failure   Level
 Wereblood                Tmut           20%        N/A       3%          2
 Sting                    Tmut/Pois      56%        1d5       4%          1
 Passwall                 Tmut/Erth      11%        N/A       7%          2
 Necrotise                Necr           28%        1d5       10%         1
 Sandblast                Erth           14%        2d6       10%         1
 Poisonous Vapours        Pois/Air       14%        N/A       14%         2
 Call Canine Familiar     Summ           13%        N/A       14%         3
 Spider Form              Tmut/Pois      14%        N/A       14%         3
 Ozocubu's Armour         Ice            7%         N/A       28%         3
 Portal Projectile        Hex/Tloc       14%        N/A       28%         3
 Stone Arrow              Conj/Erth      14%        3d7       28%         3
 Vampiric Draining        Necr           7%         2d6       28%         3
 Ice Form                 Ice/Tmut       14%        N/A       41%         4
 Summon Ice Beast         Ice/Summ       10%        N/A       54%         4
 Leda's Liquefaction      Hex/Erth       3%         N/A       67%         4
 Olgreb's Toxic Radiance  Pois           7%         N/A       67%         4
 Summon Mana Viper        Hex/Summ       10%        N/A       88%         5
 Agony                    Necr           7%         N/A       95%         5
 Monstrous Menagerie      Summ           6%         N/A       100%        7
 Ozocubu's Refrigeration  Ice            3%         4d8       100%        7


Dungeon Overview and Level Annotations

Branches:
Dungeon (8/15)             Temple (1/1) D:4           Sewer (visited)
   Lair: D:8-11

Altars:
Ashenzari
Cheibriados
Dithmenos
Elyvilon
Fedhas
Gozag
Hepliaklqana
Kikubaaqudgha
Makhleb
Nemelex Xobeh
Qazlal
Sif Muna
Trog
Uskayaw
Wu Jian
Xom
Yredelemnul
Zin
The Shining One

Shops:
D:6 (

Annotations:
D:7 2 transporters, olddryhag's ghost, novice DsGl
D:8 Joseph


Innate Abilities, Weirdness & Mutations

You have temporarily grown beastly horns and talons.
You can breathe blasts of fire.
Your fiery red scales are hard. (AC +7)
You cannot fit into any form of body armour.
Your flesh is heat resistant. (rF+)
You are cold-blooded and may be slowed by cold attacks.


Message History

The sling bullet hits you.
You barely miss the kobold. The kobold misses you.
You hit the kobold.
You kill the kobold!
Qazlal accepts your kill.
Joseph shoots a sling bullet.
The sling bullet closely misses you.
Joseph shoots a sling bullet.
The sling bullet hits you!
Joseph unwields a +0 sling.
Joseph wields a +0 quarterstaff.
Joseph misses you.
Aiming: Breathe Fire (3% risk of failure)
Press: ? - help, Shift-Dir - straight line, f - Joseph
Aim: Joseph, wielding a +0 quarterstaff, wearing a +1 leather armour of fire resistance and carrying a wand of acid (5) (68% to hit)
You breathe a blast of fire.
The fiery breath misses Joseph.
Your horns disappear.
Your talons disappear.
Your +0 pair of boots unmelds from your body.
Joseph is engulfed in blazing flames.
Joseph hits you with a +0 quarterstaff!
You barely miss Joseph.
Your tail-slap misses Joseph.
Joseph is lightly wounded.
Unknown command.
You closely miss Joseph.
Your tail-slap misses Joseph.
You punch Joseph.
Joseph is lightly wounded.
Joseph is engulfed in blazing flames.
Joseph completely misses you.
You hit Joseph. Your punch misses Joseph.
Joseph is moderately wounded.
Joseph is engulfed in blazing flames.
Joseph completely misses you.
You grow a pair of large bovine horns.
Your feet morph into talons.
Your +0 pair of boots melds into your body.
Joseph is engulfed in blazing flames.
Joseph zaps a wand.
The bolt of acid hits you!
You hit Joseph but do no damage. You claw Joseph, but do no damage.
Joseph is heavily wounded.
Joseph is engulfed in blazing flames.
Joseph zaps a wand.
The bolt of acid hits you!
* * * LOW HITPOINT WARNING * * *
Okay, then.
Okay, then.
Unknown command.
You hit Joseph. Your kick misses Joseph.
Joseph is heavily wounded.
Joseph is engulfed in blazing flames.
Joseph hits you with a +0 quarterstaff!
You die...

#.###......# ..#.
.... .....# ..#..
#. #.##.....##
###..........#
#.......... #...
#....
#.###g#########
..... .... #..##.#
#....###.###..##.#
#........@....##.#
#.....#..○@...##.#
c................#
####......)####
##.....###########
##...)).........#
##..##########.####
#))# #..........
#.)# #.####.####
#..# #.# #.# #


You could see Joseph.

Vanquished Creatures
  A centaur warrior (D:8)
  Pikel (D:4)
  Maurice (D:8)
  2 hornets
  Prince Ribbit (D:7)
  3 orc warriors
  Pargi (Sewer)
  2 water moccasins
  2 sky beasts
  A black bear (D:4)
  An ogre (D:5)
  3 ice beasts
  A centaur (D:8)
  4 lemures
  3 phantoms
  Blork the orc (D:5)
  3 kobold brigands
  A gnoll sergeant (D:7)
  4 bullfrogs
  3 scorpions (D:5)
  A necrophage (D:8)
  A jelly (D:5)
  3 hounds (D:5)
  4 orc priests
  6 iguanas
  12 orc wizards
  12 adders
  2 white imps (D:5)
  2 ufetubi
  4 worms
  3 dart slugs
  37 orcs
  4 bats
  9 endoplasms
  2 giant cockroaches
  3 goblins
  3 hobgoblins
  7 jackals
  2 quokkas
  4 ball pythons
  A frilled lizard (Sewer)
  27 kobolds
  3 rats
191 creatures vanquished.

Notes
Turn   | Place    | Note
-------+----------+-------------------------------------------
     0 | D:1      | cforsyth the Draconian Transmuter began the quest for the
                  | Orb.
     0 | D:1      | Reached XP level 1. HP: 16/16 MP: 3/3
   415 | D:1      | Reached XP level 2. HP: 23/23 MP: 3/5
   974 | D:1      | Found a faded altar of an unknown god.
  1080 | D:2      | Reached XP level 3. HP: 29/29 MP: 4/6
  1875 | D:3      | Reached XP level 4. HP: 29/36 MP: 4/7
  2643 | D:4      | Noticed a lemure
  2699 | D:4      | Noticed a black bear
  2823 | D:4      | Reached XP level 5. HP: 19/42 MP: 9/9
  2833 | D:4      | Killed a black bear
  2866 | D:4      | Reached XP level 6. HP: 15/50 MP: 10/10
  2885 | D:4      | Found a staircase to the Ecumenical Temple.
  2944 | D:4      | Found a glowing drain.
  2984 | Sewer    | Entered a sewer
  3038 | Sewer    | Noticed Pargi
  3061 | Sewer    | Killed Pargi
  3475 | D:4      | Found a white marble altar of Elyvilon.
  3529 | D:4      | Found a broken altar of Ashenzari.
  3535 | D:4      | Found a glowing golden altar of the Shining One.
  3538 | D:4      | Found a snail-covered altar of Cheibriados.
  3544 | D:4      | Found a bloodstained altar of Trog.
  3595 | Temple   | Entered the Ecumenical Temple
  3782 | Temple   | Became a worshipper of Qazlal Stormbringer
  4008 | D:4      | Noticed Pikel
  4040 | D:5      | Entered Level 5 of the Dungeon
  4049 | D:5      | Your scales start taking on a fiery red colour.
  4049 | D:5      | Reached XP level 7. HP: 46/57 MP: 10/12
  4049 | D:5      | Gained mutation: Your flesh is heat resistant. (rF+) [Red
                  | Draconian growth]
  4097 | D:5      | Noticed a hornet
  4104 | D:5      | Killed a hornet
  4561 | D:5      | Reached XP level 8. HP: 45/63 MP: 15/15
  5286 | D:5      | Noticed Blork the orc
  5301 | D:5      | Killed Blork the orc
  5302 | D:5      | Reached skill level 5 in Dodging
  5302 | D:5      | Reached skill level 5 in Spellcasting
  6102 | D:4      | Killed Pikel
  6103 | D:4      | Reached skill level 5 in Fire Magic
  7565 | D:5      | Reached * piety under Qazlal
  7983 | D:5      | Reached XP level 9. HP: 52/70 MP: 18/18
  8573 | D:6      | Found Oseiq's Antique Weapon Emporium.
  9077 | D:7      | Found a transporter.
  9085 | D:7      | Noticed a cyclops
  9087 | D:7      | Found a transporter.
  9087 | D:7      | Noticed olddryhag's ghost (novice DsGl)
  9991 | D:7      | Noticed Prince Ribbit
 10001 | D:7      | Killed Prince Ribbit
 10117 | D:8      | Noticed a centaur warrior
 10447 | D:8      | Reached ** piety under Qazlal
 10797 | D:8      | Reached XP level 10. HP: 38/77 MP: 21/21
 11209 | D:8      | Killed a centaur warrior
 11622 | D:8      | Noticed Maurice
 11928 | D:8      | Killed Maurice
 11929 | D:8      | Reached skill level 1 in Summonings
 12130 | D:8      | Noticed Joseph
 12144 | D:8      | Slain by Joseph

Illustrated notes

Levels and vault maps discovered:
D:1:      dpeg_arrival_chambers_temple_mockup, layout_loops_ring,
          hellmonk_ecumenical_altar_inner_sanctum
D:2:      layout_basic
D:3:      layout_loops_ring
D:4:      layout_loops_ring, nicolae_overflow_hallway_of_the_gods,
          minmay_temple_entry_stoned_glass, cheibrodos_sewer_entry_bend,
          grunt_ministairs_5, uniq_pikel
D:5:      layout_basic, uniq_blork_the_orc
D:6:      layout_cave_pools, serial_shops, nicolae_shop_waterfront
D:7:      layout_loops_ring, gammafunk_ghost_arena, uniq_prince_ribbit1
D:8:      layout_loops_ring, minmay_chambers_of_fives, uniq_joseph,
          uniq_gastronok, uniq_maurice
Temple:   eino_narrow_crystal_temple

Skill      XL: |  1  2  3  4  5  6  7  8  9 10 |
---------------+-------------------------------+-----
Dodging        | 2 3 4 6 7 8 |  8.5
Fighting       | 2 3 |  3.2
Unarmed Combat | 4 |  4.2
Spellcasting   | 3 4 6 7 8 |  8.5
Transmutations | 3 |  3.5
Fire Magic     | 3 6 8 |  8.0
Summonings     | 1 |  1.6

Action                   |  1- 3 |  4- 6 |  7- 9 | 10-12 || total
-------------------------+-------+-------+-------+-------++-------
Melee: Unarmed           |   125 |   198 |   466 |    65 ||   854
       Kick              |    18 |    50 |   100 |    16 ||   184
       Headbutt          |    11 |    31 |    80 |    11 ||   133
       Tailslap          |    11 |    27 |    54 |     8 ||   100
       Punch             |     2 |     5 |    18 |     4 ||    29
 Cast: Beastly Appendage |    25 |    27 |    52 |    10 ||   114
 Abil: Breathe Fire      |       |       |    14 |     6 ||    20
  Use: Potion            |       |     6 |     4 |     1 ||    11
       Scroll            |       |     3 |     5 |     1 ||     9
 Stab: Sleeping          |     1 |     1 |       |       ||     2
Armor: Skin              |    49 |    64 |   160 |    16 ||   289
Dodge: Dodged            |    99 |   129 |   308 |    50 ||   586
Block: Other             |       |       |    10 |     6 ||    16

Table legend: (Time is in decaauts)
 A = Elapsed time spent in this place.
 B = Non-inter-level travel time spent in this place.
 C = Inter-level travel time spent in this place.
 D = Time resting spent in this place.
 E = Time spent auto-exploring this place.
 F = Levels seen in this place.
 G = Mean time per level.
                   A        B        C        D        E       F      G
               +--------+--------+--------+--------+--------+-----+--------+
         Total |  12095 |  11702 |    393 |   3288 |   5977 |  10 | 1209.5 |
       Dungeon |  11523 |  11138 |    385 |   3288 |   5560 |   8 | 1440.4 |
        Temple |    195 |    187 |      8 |      0 |    159 |   1 |  195.0 |
         Sewer |    375 |    375 |      0 |      0 |    258 |   1 |  375.0 |
               +--------+--------+--------+--------+--------+-----+--------+

Top non-repeatable levels by time:
     D:5: 2987 daAuts
     D:7: 2180 daAuts
     D:4: 1610 daAuts
     D:8: 1076 daAuts
     D:1: 1005 daAuts
     D:3: 973 daAuts
     D:6: 913 daAuts
     D:2: 775 daAuts
   Sewer: 375 daAuts
  Temple: 195 daAuts
